Map: Acolyte LE

Players

soul - Winner!

  • Race: Terran Terran
  • Spawn Location: 1:00

MightyKiwi

  • Race: Zerg Zerg
  • Spawn Location: 7:00

Event: WCS Montreal 2017

VOD

Have the link to the VOD?

Description

Time

  • Played on: Sept. 8, 2017, 4:28 p.m.
  • Length: 11:34

All games in this series

Show
View Real Time Build Order
Export as new Build Order

soul Terran - Winner!

Build Orders: Hellion Banshee, MMM Bio 

Get SALT Encoding   

  12  0:00  SCV  
  13  0:13  SCV  
  14  0:17  Supply Depot  
  14  0:25  SCV  
  15  0:29  Refinery  
  15  0:39  SCV  
  16  0:45  Barracks  
  16  0:51  SCV  
  17  1:03  SCV  
  18  1:17  SCV  
  20  1:32  Reaper  
  20  1:33  Orbital Command  
  20  1:45  Command Center  
  20  1:54  Factory  
  20  1:58  SCV  
  21  2:06  Supply Depot  
  21  2:08  Barracks Reactor  
  21  2:12  SCV  
  22  2:16  Refinery  
  22  2:24  SCV  
  23  2:36  SCV  
  24  2:45  Starport  
  24  2:48  SCV  
  24  2:50  Hellion x2  
  29  2:57  Orbital Command  
  29  2:59  Barracks Tech Lab  
  29  3:00  SCV  
  30  3:12  Hellion x2  
  34  3:13  SCV  
  35  3:24  SCV  
  35  3:25  SCV  
  37  3:28  Medivac  
  37  3:29  Cloaking Field  
  39  3:36  SCV  
  39  3:38  Supply Depot, SCV  
  41  3:45  Hellion  
  41  3:48  SCV, Hellion  
  45  3:51  Supply Depot  
  46  3:59  Banshee  
  46  4:00  SCV  
  46  4:01  SCV  
  51  4:12  Supply Depot, SCV  
  51  4:13  SCV, Hellion  
  51  4:14  Hellion  
  57  4:22  Armory  
  58  4:24  SCV  
  58  4:25  SCV  
  58  4:28  Supply Depot  
  59  4:36  SCV  
  59  4:37  SCV  
  61  4:43  Hellion  
  63  4:48  SCV  
  63  4:50  SCV  
  65  4:53  Banshee  
  65  4:55  Command Center  
  68  5:00  SCV, Barracks Tech Lab  
  68  5:02  SCV  
  70  5:10  Barracks  
  70  5:11  Barracks  
  70  5:12  SCV  
  71  5:15  SCV  
  71  5:19  Marine  
  67  5:23  Stimpack  
  67  5:24  SCV  
  67  5:27  SCV  
  67  5:32  Engineering Bay  
  67  5:33  Engineering Bay  
  66  5:36  Marine, SCV  
  66  5:39  SCV  
  66  5:42  Barracks  
  67  5:43  Barracks  
  67  5:47  Starport Reactor  
  67  5:48  Factory Reactor, SCV  
  61  5:52  SCV  
  61  5:54  Marine  
  59  6:00  Terran Infantry Armor Level 1, Terran Infantry Weapons Level 1  
  59  6:01  SCV  
  60  6:04  Refinery x2  
  60  6:10  Orbital Command  
  60  6:11  Barracks Reactor  
  60  6:16  Marine x3, SCV  
  62  6:24  Medivac  
  64  6:26  SCV  
  64  6:32  SCV  
  66  6:33  Widow Mine x2  
  66  6:34  Marine x2  
  66  6:35  Marine, Barracks Reactor x2  
  66  6:37  Orbital Command  
  66  6:39  SCV  
  74  6:44  SCV  
  75  6:50  Marine  
  75  6:51  SCV  
  75  6:52  Marine x2  
  75  6:53  Marine  
  80  6:55  Medivac x2, Marine  
  80  6:56  SCV  
  86  7:01  Widow Mine  
  86  7:02  Supply Depot x2, SCV  
  86  7:03  SCV  
  90  7:08  Marine, SCV  
  90  7:09  Marine  
  90  7:14  Marine  
  93  7:23  Combat Shields  
  93  7:24  Marine x5, SCV x3  
  101  7:32  Supply Depot, Medivac, Marine x4  
  101  7:33  Supply Depot  
  101  7:34  Supply Depot  
  101  7:36  SCV  
  108  7:41  Marine  
  108  7:43  Barracks  
  109  7:45  Barracks  
  109  7:49  Marine x3  
  109  7:53  Marine  
  109  7:54  Marauder  
  109  7:56  Barracks  
  112  7:58  Medivac  
  112  7:59  Supply Depot  
  112  8:01  Supply Depot  
  112  8:02  Medivac  
  112  8:03  Terran Infantry Weapons Level 2  
  112  8:04  Supply Depot, Marine x3  
  112  8:05  Marine  
  120  8:07  Marine x3  
  120  8:11  Marine  
  124  8:15  Marauder  
  124  8:17  Terran Infantry Armor Level 2  
  126  8:20  Widow Mine x2  
  126  8:21  Command Center  
  126  8:22  Marine x3  
  126  8:23  Marine  
  126  8:24  Marine  
  133  8:27  Marine  
  133  8:30  Marine  
  130  8:35  Medivac, Marine  
  134  8:43  Barracks Tech Lab  
  134  8:44  Barracks Tech Lab, Concussive Shells  
  133  8:49  Medivac, Widow Mine x2  
  133  8:50  Marine, Marauder  
  133  8:51  Marine  
  133  8:52  Marauder  
  133  8:53  Marine x3  
  133  8:55  Marine  
  149  8:58  Marine  
  149  9:02  Supply Depot  
  145  9:03  Supply Depot, Marine  
  145  9:04  Marine, Refinery, Marauder  
  145  9:07  Supply Depot, Marine  
  145  9:09  Marine  
  139  9:11  Marine x3  
  139  9:12  Marauder  
  139  9:13  Marine  
  142  9:17  Widow Mine x2  
  142  9:19  Marine  
  142  9:20  Marauder  
  141  9:26  Marine, Marauder  
  141  9:27  Medivac x2  
  145  9:34  Marine  
  145  9:36  Marine  
  145  9:38  Marine, Marauder x2  
  134  9:40  Marine  
  134  9:42  Marine  
  134  9:43  Marauder  
  138  9:46  Widow Mine  
  138  9:49  Marine, Marauder  
  138  9:52  Marine  
  137  9:53  Liberator, Marine x2  
  137  9:54  Marine  
  137  9:56  Marine  
  137  9:57  Marine  
  140  10:06  Planetary Fortress  
  140  10:08  Marine  
  140  10:09  Marauder x2  
  146  10:19  Marine, Marauder x2  
  149  10:24  Marine  
  149  10:26  Marine  
  151  10:30  Marine, Marauder x2  
  151  10:33  Marine x2  
  158  10:37  Sensor Tower  
  158  10:41  Marauder x2  
  162  10:45  Marine  
  162  10:46  Marine x2  
  162  10:47  Marine x2  
  162  10:48  Marine  
  141  10:50  Marine  
  141  10:51  Marine, Marauder  
  141  10:52  Medivac, Marine  
  141  10:53  Medivac  
  135  11:02  Marine x3  
  130  11:04  Marine x4  
  130  11:05  Marine  
  130  11:08  Marine  
  130  11:09  Marine  
  130  11:10  Marine  
  138  11:12  Marine  
  148  11:29  Command Center  
Show
View Real Time Build Order
Export as new Build Order

MightyKiwi Zerg 

Build Orders: Hatch First 

Get SALT Encoding   

  12  0:00  Drone  
  13  0:13  Overlord  
  13  0:19  Drone  
  14  0:31  Drone x2  
  17  0:35  Drone  
  17  0:53  Hatchery  
  17  0:56  Drone  
  17  1:01  Extractor, Drone  
  17  1:15  Spawning Pool  
  17  1:17  Drone  
  17  1:23  Drone  
  18  1:29  Drone  
  19  1:39  Overlord  
  19  2:02  Metabolic Boost, Zergling x4  
  19  2:05  Queen  
  19  2:06  Queen  
  25  2:10  Drone  
  25  2:13  Drone  
  27  2:17  Drone  
  28  2:27  Drone  
  28  2:28  Drone  
  30  2:38  Overlord  
  30  2:40  Queen  
  32  2:46  Drone x2  
  34  2:51  Pneumatized Carapace  
  34  2:56  Drone  
  35  3:04  Hatchery  
  34  3:12  Drone x3  
  37  3:17  Drone  
  37  3:18  Drone x2  
  40  3:23  Queen  
  42  3:27  Overlord  
  41  3:40  Drone  
  41  3:41  Drone  
  43  3:44  Extractor x2  
  43  3:45  Drone x2  
  43  3:46  Drone x2  
  45  3:50  Drone  
  45  3:51  Evolution Chamber x2  
  45  3:53  Drone x2  
  45  3:55  Drone  
  47  4:02  Queen  
  49  4:04  Drone  
  49  4:05  Drone  
  51  4:15  Spore Crawler  
  51  4:16  Spore Crawler, Lair  
  49  4:18  Drone  
  49  4:23  Zergling x2  
  49  4:24  Zergling x2  
  52  4:28  Zergling x2  
  52  4:29  Baneling Nest  
  52  4:30  Drone  
  53  4:34  Overlord  
  53  4:45  Drone x6  
  51  4:50  Spore Crawler  
  49  4:53  Drone x2  
  51  5:01  Drone  
  51  5:02  Drone x3  
  51  5:05  Drone  
  53  5:22  Zergling x8  
  53  5:23  Zergling x6  
  53  5:25  Queen  
  53  5:28  Overseer  
  55  5:48  Drone x9  
  55  5:49  Drone  
  58  6:01  Queen  
  59  6:05  Drone x4  
  61  6:18  Drone  
  61  6:19  Drone x3  
  61  6:21  Extractor  
  61  6:22  Hydralisk Den  
  63  6:31  Drone x4  
  65  6:33  Overlord  
  65  6:37  Zerg Melee Weapons Level 1, Zerg Ground Armor Level 1  
  65  6:38  Overlord x2  
  65  6:48  Overlord  
  65  6:54  Drone x2  
  67  6:56  Muscular Augments  
  67  6:57  Drone x7  
  74  7:06  Overlord  
  74  7:07  Centrifical Hooks  
  74  7:08  Overseer  
  74  7:13  Zergling x12  
  80  7:16  Drone x2  
  82  7:28  Drone x4  
  82  7:29  Drone x5  
  91  7:31  Extractor x2  
  91  7:34  Overseer  
  89  7:39  Baneling  
  89  7:48  Spore Crawler  
  88  7:54  Overlord  
  88  7:55  Hydralisk x6  
  100  8:02  Spore Crawler  
  100  8:03  Spine Crawler  
  98  8:10  Zergling x16  
  98  8:12  Baneling x6  
  106  8:16  Overlord, Hatchery  
  106  8:17  Overlord  
  102  8:30  Drone  
  102  8:31  Drone x7  
  106  8:41  Zerg Ground Armor Level 2, Overlord, Zerg Melee Weapons Level 2  
  106  8:45  Drone  
  106  8:47  Zergling x10  
  106  8:48  Infestation Pit  
  111  8:56  Zergling x16  
  116  9:06  Zergling x4  
  116  9:12  Baneling x6  
  116  9:13  Baneling  
  113  9:27  Hydralisk x9  
  118  9:40  Zergling x6  
  118  9:44  Zergling x4  
  118  9:45  Zergling x10  
  124  9:57  Zergling x6  
  125  10:01  Zergling x2  
  125  10:02  Hive  
  125  10:04  Queen, Zergling x6  
  131  10:11  Baneling x9  
  131  10:19  Zergling x20  
  141  10:31  Zergling x4  
  141  10:32  Zergling x2  
  141  10:34  Overlord x2  
  137  10:49  Zergling x18  
  132  10:55  Hydralisk x7  
  127  11:04  Hydralisk x6  
Tags
 
Add a new tag
Caveats
  • Supply blocks, unpowered buildings, or Contaminate may cause inaccurate times.
  • Supply counts are checked every 10 seconds.